 Dungeon Crawl Stone Soup version 0.32-a0-42-ga30500b4d3 (webtiles) character file.

Game seed: 12942958428210140393

21 RustandSilver the Cudgeller (level 3, 0/33 HPs)
             Began as a Meteoran Cinder Acolyte on Feb 6, 2023.
             Was a High Priest of Ignis.
             Slain by Terence
             ... wielding a +1 hand axe of flaming
              (1 damage)
             ... on level 2 of the Dungeon on Jan 27, 2024.
             The game lasted 00:04:47 (971 turns).

RustandSilver the Cudgeller (MeCA)                   Turns: 971, Time: 00:04:49

Health: 0/33       AC:  2    Str: 17    XL:     3   Next: 20%
Magic:  6/6        EV: 11    Int: 16    God:    Ignis [*****.]
Gold:   30         SH:  0    Dex:  9    Spells: 2/4 levels left

rFire   + . .        a - -1 mace (flame)
rCold   . . .        (no shield)
rNeg    . . .        b - +0 robe
rPois   .            (no helmet)
rElec   .            (no cloak)
rCorr   .            (no gloves)
SInv    .            (no boots)
Will    .....        e - amulet of magic regeneration
Stlth   +            (no ring)
HPRegen 0.25/turn    (no ring)
MPRegen 0.50/turn

%: no passive effects
@: glowing
A: sense surroundings 1, otherworldly, glowing, explore regen
a: Renounce Religion, Fiery Armour, Foxfire Swarm, Rising Flame


You were on level 2 of the Dungeon.
You worshipped Ignis.
Ignis was extremely pleased with you.
You visited 1 branch of the dungeon, and saw 2 of its levels.

You collected 30 gold pieces.

Inventory:

Hand Weapons
 a - a -1 mace of flaming (weapon)
Armour
 b - a +0 robe (worn)
Jewellery
 e - an amulet of magic regeneration (around neck)
Wands
 h - a wand of roots (10)
Scrolls
 d - 2 scrolls of identify
 f - a scroll of noise {unknown}
 g - a scroll of teleportation {unknown}


   Skills:
 + Level 4.0 Fighting
 + Level 4.4 Maces & Flails
 + Level 0.3 Dodging
 + Level 1.3 Spellcasting
 + Level 3.7 Fire Magic


You had 2 spell levels left.
You knew the following spells:

 Your Spells              Type           Power      Damage    Failure   Level
a - Scorch                Fire           26%        2d6       8%          2

Your spell library contained the following spells:

 Spells                   Type           Power      Damage    Failure   Level


Dungeon Overview and Level Annotations

Branches:
Dungeon (2/15) Zot: 216

Altars:

Shops:
D:1 :

Annotations:
D:2 Terence


Innate Abilities, Weirdness & Mutations

You passively map a small area around you.
You are easily found by Zot.
You glow in the dark.
You regain HP and MP as you explore.


Message History

You don't have enough magic to cast this spell.
Casting: Scorch (safe; 8% risk of failure)
Confirm with . or Enter, or press ? or * to list all spells.
You don't have enough magic to cast this spell.
You are confused.
You feel invigorated.
Terence hits you with a +1 hand axe of flaming.
You closely miss Terence.
Terence is heavily wounded.
Terence hits you with a +1 hand axe of flaming.
Terence closely misses you.
You barely miss Terence.
Terence is heavily wounded.
Terence completely misses you.
You hit Terence. You burn Terence.
Terence is severely wounded.
You feel less invigorated.
You feel less confused.
Terence is no longer more vulnerable to fire.
Terence closely misses you.
You barely miss Terence.
Terence is severely wounded.
Terence hits you with a +1 hand axe of flaming.
Terence burns you.
You hit Terence but do no damage.
Terence is severely wounded.
Terence hits you with a +1 hand axe of flaming.
You hit Terence but do no damage. You punch Terence, but do no damage.
Terence is severely wounded.
Terence hits you with a +1 hand axe of flaming!
Terence burns you.
You barely miss Terence.
Terence is severely wounded.
Terence hits you with a +1 hand axe of flaming.
* * * LOW HITPOINT WARNING * * *
Terence hits you with a +1 hand axe of flaming.
* * * LOW HITPOINT WARNING * * *
Terence burns you.
You die...
Terence says, "Time to find some more victims."

##......####.........#*
*
...........+.........+
, ,,
###.#...####.........#
###.##.### #.......#*
.........# #.....#
.#######.# #...# .# #.#
#†#* .# #.# #@# .# #.#
#@# * .# #.# ##.## * .#
#.# ##...## .#######.#
#.....#* ..(....<.#
##...##*,
#.##.##.########.####.#
* *
#.##..................#
#.#####.###############
#.......#


You could see Terence.

Vanquished Creatures
  A ribbon worm (D:2)
  2 endoplasms (D:1)
  A goblin (D:1)
  A hobgoblin (D:2)
  A quokka (D:2)
  7 ball pythons
  A frilled lizard (D:2)
  2 kobolds (D:2)
  4 rats
20 creatures vanquished.

Notes
Turn   | Place    | Note
-------+----------+-------------------------------------------
     0 | D:1      | RustandSilver the Meteoran Cinder Acolyte began the quest
                  | for the Orb.
     0 | D:1      | Reached XP level 1. HP: 19/19 MP: 3/3
   133 | D:1      | Reached XP level 2. HP: 17/27 MP: 5/5
   134 | D:1      | Upgraded the game from 0.30-a0-743-gbfdf073431 to
                  | 0.32-a0-42-ga30500b4d3
   494 | D:1      | Glimpsed the power of Zot.
   495 | D:1      | Found Voem Bei's Book Emporium.
   564 | D:2      | Learned a level 2 spell: Scorch
   797 | D:2      | Reached XP level 3. HP: 27/33 MP: 6/6
   955 | D:2      | Noticed Terence
   971 | D:2      | HP: 1/33 [Terence/+1 hand axe of flaming (6)]
   971 | D:2      | Slain by Terence

Illustrated notes

Levels and vault maps discovered:
D:1:      psy_arrival_whirlpool, layout_loops_ring, serial_shops,
          nicolae_shop_advertising_works [nicolae_subvault_shop_adworks]
D:2:      layout_loops_corners, uniq_terence

Skill      XL: |  1  2  3 |
---------------+----------+-----
Fighting       | 4 |  4.0
Maces & Flails | |  4.4
Dodging        | |  0.3
Spellcasting   | |  1.3
Fire Magic     | |  3.7

Action                     || total
---------------------------++-------
  Melee: Mace              ||    52
         Punch             ||     1
   Cast: Scorch            ||     4
    Use: Scroll            ||     1
         Potion            ||     1
 Armour: Robe              ||    36
  Dodge: Dodged            ||    25

Table legend: (Time is in decaauts)
 A = Elapsed time spent in this place.
 B = Non-inter-level travel time spent in this place.
 C = Inter-level travel time spent in this place.
 D = Time resting spent in this place.
 E = Time spent auto-exploring this place.
 F = Levels seen in this place.
 G = Mean time per level.
                   A        B        C        D        E       F      G
               +--------+--------+--------+--------+--------+-----+--------+
         Total |    982 |    982 |      0 |    337 |    375 |   2 |  491.0 |
       Dungeon |    982 |    982 |      0 |    337 |    375 |   2 |  491.0 |
               +--------+--------+--------+--------+--------+-----+--------+

Top non-repeatable levels by time:
     D:1: 542 daAuts
     D:2: 439 daAuts
